WCHLSIM.com - West Coast Hockey League
html PUBLIC "-//W3C//DTD XHTML 1.0 Transitional//EN" "http://www.w3.org/TR/xhtml1/DTD/xhtml1-transitional.dtd"> WCHL - Game 148 - SACRAMENTO BANDITS vs BANFF WOLVES

SACRAMENTO BANDITS vs BANFF WOLVES

Created - 4 décembre 2020 at 22:16

Goals
1 2 3 T
SACRAMENTO BANDITS 6 1 0 7
BANFF WOLVES 1 0 0 1
Shots
1 2 3 T
SACRAMENTO BANDITS 18 17 6 41
BANFF WOLVES 7 7 4 18

1st period

1. SACRAMENTO BANDITS , John Carlson 2 (Aleksander Barkov 2, Jonathan Huberdeau 4) at 1:34 (PP)
2. SACRAMENTO BANDITS , Alexander DeBrincat 2 (Matt Duchene 5) at 3:08
3. SACRAMENTO BANDITS , Jonathan Huberdeau 2 (Aleksander Barkov 3, Brock Boeser 5) at 5:09
4. SACRAMENTO BANDITS , Jonathan Huberdeau 3 (Aleksander Barkov 4, P.K. Subban 1) at 6:40
5. SACRAMENTO BANDITS , Jonathan Huberdeau 4 (Aleksander Barkov 5, Brock Boeser 6) at 12:51 (PP)
6. SACRAMENTO BANDITS , Mattias Ekholm 2 (Alexander DeBrincat 5, Matt Duchene 6) at 17:10
7. BANFF WOLVES , Jack Eichel 7 (Alex Tuch 5, Nikita Gusev 6) at 18:22

Penalties :
Kevin Connauton (BAN) for Hooking (Minor) at 1:18, Jamie Oleksiak (BAN) for Hooking (Minor) at 12:23

2nd period

8. SACRAMENTO BANDITS , Aleksander Barkov 6 (John Carlson 6) at 9:32

Penalties :
Kevin Connauton (BAN) for Holding (Minor) at 4:55

3rd period

No Goal

Penalties :
Jay Beagle (SAC) for Holding (Minor) at 4:01, Scott Laughton (SAC) for Roughing (Double Minor) at 8:09, Alex Tuch (BAN) for Diving (Minor) at 14:19

Goalie Stats

Andrei Vasilevskiy (SAC), 17 saves from 18 shots - (0,944), W, 8-2-0, 60:00 minutes
Ilya Samsonov (BAN), 3 saves from 7 shots - (0,429), L, 2-1-1, 6:40 minutes
Pavel Francouz (BAN), 31 saves from 34 shots - (0,912), 53:20 minutes

Players Stats for SACRAMENTO BANDITS

Player Name              G  A  P  +/- PIM S  H  SB GA TA FO     MP     PP MP  PK MP  
------------------------------------------------------------------------------------
Aleksander Barkov        1  4  5   3  0   4  1  0  0  0  19/32  22:59   2:55   2:53 
Alexander DeBrincat      1  1  2   2  0   3  0  0  0  0  0/0    12:51   2:19   1:22 
Brock Boeser             0  2  2   2  0   4  0  0  0  0  0/2     9:08   0:44   0:00 
Colton Sissons           0  0  0   0  0   2  1  0  0  0  0/0     7:36   0:00   0:36 
Ivan Provorov            0  0  0   3  0   3  0  0  0  0  0/0    21:41   1:47   3:09 
Jake DeBrusk             0  0  0  -1  0   0  0  0  0  0  0/1    17:52   0:00   1:43 
Jamie Benn               0  0  0  -1  0   5  2  0  0  0  11/23  20:15   1:47   2:29 
Jay Beagle               0  0  0   0  2   0  3  0  0  0  1/9    11:04   1:38   0:00 
Joel Farabee             0  0  0   2  0   0  0  0  0  0  1/2     9:10   0:00   0:00 
John Carlson             1  1  2   1  0   2  1  1  0  0  0/0    25:44   2:55   2:44 
Jonathan Huberdeau       3  1  4   3  0   9  1  1  0  0  1/1    22:59   2:55   2:53 
Justin Williams          0  0  0   0  0   0  0  0  0  0  0/0     7:00   0:00   0:00 
Luca Sbisa               0  0  0   0  0   0  0  0  0  0  0/0    12:35   0:00   0:05 
Matt Duchene             0  2  2   3  0   1  0  0  0  0  7/13   17:08   1:48   0:00 
Mattias Ekholm           1  0  1   3  0   4  0  0  0  0  0/0    21:41   1:47   3:09 
P.K. Subban              0  1  1   0  0   2  0  0  0  0  0/0    12:35   0:00   0:05 
Ryan Suter               0  0  0   1  0   0  0  1  0  0  0/0    25:44   2:55   2:44 
Scott Laughton           0  0  0  -1  4   2  1  0  0  0  0/0    15:58   0:00   0:00 

Players Stats for BANFF WOLVES

Player Name              G  A  P  +/- PIM S  H  SB GA TA FO     MP     PP MP  PK MP  
------------------------------------------------------------------------------------
Alex Tuch                0  1  1   1  2   2  0  1  0  0  0/1    18:44   2:36   0:00 
Antti Suomela            0  0  0  -1  0   0  0  0  0  0  6/10    7:40   0:00   0:04 
Jack Eichel              1  0  1   1  0   3  2  0  0  0  16/29  23:05   2:45   3:22 
James van Riemsdyk       0  0  0  -1  0   1  0  0  0  0  0/1    14:55   0:00   0:00 
Jamie Oleksiak           0  0  0   0  2   0  9  1  0  0  0/0    23:54   2:58   2:14 
Jeff Carter              0  0  0  -3  0   1  1  0  0  0  6/14   12:51   0:22   0:06 
Josh Teves               0  0  0  -1  0   0  1  1  0  0  0/0    14:12   0:22   0:00 
Kevin Connauton          0  0  0  -1  4   0  1  0  0  0  0/0    17:40   1:41   1:16 
Kevin Labanc             0  0  0  -1  0   1  3  0  0  0  0/1    18:10   1:55   1:20 
Mark Jankowski           0  0  0  -1  0   0  0  1  0  0  0/0     8:14   1:27   0:00 
Mikael Backlund          0  0  0  -1  0   2  0  0  0  0  11/22  21:04   2:51   3:18 
Mike Ferland             0  0  0  -1  0   0  0  0  0  0  1/1     7:36   0:00   0:00 
Mikhail Sergachev        0  0  0  -4  0   0  1  2  0  0  0/0    23:10   2:24   1:28 
Miro Heiskanen           0  0  0   1  0   2  1  1  0  0  0/0    21:05   2:43   3:05 
Nikita Gusev             0  1  1   1  0   4  1  0  0  0  0/1    20:14   2:45   1:20 
Rocco Grimaldi           0  0  0  -3  0   1  0  0  0  0  0/0    10:46   0:00   0:06 
Roope Hintz              0  0  0  -3  0   1  0  1  0  0  3/3    13:53   3:13   0:00 
Taylor Fedun             0  0  0  -3  0   0  1  0  0  0  0/0    18:01   1:48   1:09 

3 Stars

1 - Jonathan Huberdeau (SAC)
2 - Aleksander Barkov (SAC)
3 - Alexander DeBrincat (SAC)

Power Play

SACRAMENTO BANDITS - 2 on 4 Attempt(s) - 50,00%
BANFF WOLVES - 0 on 3 Attempt(s) - 0,00%

Penalty Kill

SACRAMENTO BANDITS - 3 on 3 Attempt(s) - 100,00% - Score 0 goal in Penalty Kill
BANFF WOLVES - 2 on 4 Attempt(s) - 50,00% - Score 0 goal in Penalty Kill

Team Stat

SACRAMENTO BANDITS - Hits : 10 - Faceoff Wins : 40 - Blocked Shots : 3 - Penalty Minutes : 6
BANFF WOLVES - Hits : 21 - Faceoff Wins : 43 - Blocked Shots : 8 - Penalty Minutes : 8

Official

Referees : Conor O'Donnell and Reid Anderson
Linesman : Kyle Larson and Kory Nagy

Game Notes

Pavel Francouz enters game at 6:40 of 1st period
Jonathan Huberdeau has scored a Hat Trick!
Brock Boeser is injured at 4:50 of 2nd period (Left Foot)
Josh Teves is injured at 12:55 of 3rd period (Sprained Right Finger)

Finance

Level 1 -- Attendance: 2617 (37,12%) -- Ticket Income 785 100 $
Level 2 -- Attendance: 2217 (37,22%) -- Ticket Income 443 400 $
Level 3 -- Attendance: 1002 (42,82%) -- Ticket Income 150 300 $
Level 4 -- Attendance: 1685 (33,70%) -- Ticket Income 202 200 $
Luxury Box -- Attendance: 464 (43,57%) -- Ticket Income 278 400 $
Game was played at the Rocky Mountains Sports Complex.
Total Attendance: 7985 (37,29%)
Total Ticket Income: 1 859 400 $
Other Income: 650 790 $
Total Income: 2 510 190 $

SACRAMENTO BANDITS

5 vs 5 Forward 
   Center                   Left Wing                Right Wing               Time % Phy DF OF 
 1 Aleksander Barkov        Jonathan Huberdeau       Brock Boeser             36     1   2  2  
 2 Jamie Benn               Scott Laughton           Jake DeBrusk             31     1   2  2  
 3 Matt Duchene             Joel Farabee             Alexander DeBrincat      23     1   2  2  
 4 Jay Beagle               Colton Sissons           Justin Williams          10     1   2  2  

5 vs 5 Defense 
   Defense                  Defense                                           Time % Phy DF OF 
 1 John Carlson             Ryan Suter                                        36     1   2  2  
 2 Mattias Ekholm           Ivan Provorov                                     31     1   2  2  
 3 Luca Sbisa               P.K. Subban                                       23     1   2  2  
 4 John Carlson             Ryan Suter                                        10     1   2  2  

PowerPlay Forward 
   Center                   Left Wing                Right Wing               Time % Phy DF OF 
 1 Aleksander Barkov        Jonathan Huberdeau       Brock Boeser             55     1   2  2  
 2 Matt Duchene             Alexander DeBrincat      Jamie Benn               45     1   2  2  

PowerPlay Defense
   Defense                  Defense                                           Time % Phy DF OF 
 1 John Carlson             Ryan Suter                                        55     1   2  2  
 2 Mattias Ekholm           Ivan Provorov                                     45     1   2  2  

Penalty Kill 4 Players Forward 
   Center                   Wing                     Time % Phy DF OF 
 1 Aleksander Barkov        Jonathan Huberdeau       55     1   2  2  
 2 Jamie Benn               Brock Boeser             45     1   2  2  

Penalty Kill 4 Players Defense
   Defense                  Defense                  Time % Phy DF OF 
 1 John Carlson             Ryan Suter               55     1   2  2  
 2 Mattias Ekholm           Ivan Provorov            45     1   2  2  

Penalty Kill - 3 Players Forward 
   Forward                                           Time % Phy DF OF 
 1 Aleksander Barkov                                 55     1   2  2  
 2 Jamie Benn                                        45     1   2  2  

Penalty Kill - 3 Players Defense
   Defense                  Defense                  Time % Phy DF OF 
 1 John Carlson             Ryan Suter               55     1   2  2  
 2 Mattias Ekholm           Ivan Provorov            45     1   2  2  

4 vs 4 Forward 
   Center                   Wing                     Time % Phy DF OF 
 1 Aleksander Barkov        Jonathan Huberdeau       55     1   2  2  
 2 Jamie Benn               Brock Boeser             45     1   2  2  

4 vs 4 Defense
   Defense                  Defense                  Time % Phy DF OF 
 1 John Carlson             Ryan Suter               55     1   2  2  
 2 Mattias Ekholm           Ivan Provorov            45     1   2  2  

Last Minutes Offensive
   Center                   Left Wing                Right Wing               Defense                  Defense                  
   Aleksander Barkov        Jonathan Huberdeau       Jamie Benn               John Carlson             Ryan Suter               

Last Minutes Defensive
   Center                   Left Wing                Right Wing               Defense                  Defense                  
   Aleksander Barkov        Jonathan Huberdeau       Jamie Benn               John Carlson             Ryan Suter               

Goaltenders
Starting : Andrei Vasilevskiy       
Backup : Craig Anderson           

Extra Forwards
Normal : Matt Duchene, Jay Beagle, Jake DeBrusk - PP : Matt Duchene, Jay Beagle - PK : Jake DeBrusk
Extra Defensemen
Normal : Ryan Suter, John Carlson, Mattias Ekholm - PP : John Carlson - PK : Ryan Suter, Mattias Ekholm
Penalty Shots
Aleksander Barkov, Jonathan Huberdeau, Jamie Benn, Matt Duchene, Brock Boeser
Custom OT Lines Forwards
Aleksander Barkov, Jonathan Huberdeau, Jamie Benn, Colton Sissons, Brock Boeser, Matt Duchene, Alexander DeBrincat, Jay Beagle, Jake DeBrusk, Scott Laughton
Custom OT Lines Defensemen
John Carlson, Ryan Suter, Mattias Ekholm, Ivan Provorov, P.K. Subban

Scratches
Eric Staal (Bruised Left Foot Injury)

BANFF WOLVES

5 vs 5 Forward 
   Center                   Left Wing                Right Wing               Time % Phy DF OF 
 1 Jack Eichel              Nikita Gusev             Alex Tuch                36     1   2  2  
 2 Mikael Backlund          James van Riemsdyk       Kevin Labanc             31     1   2  2  
 3 Jeff Carter              Roope Hintz              Rocco Grimaldi           23     1   2  2  
 4 Antti Suomela            Mark Jankowski           Mike Ferland             10     1   2  2  

5 vs 5 Defense 
   Defense                  Defense                                           Time % Phy DF OF 
 1 Miro Heiskanen           Jamie Oleksiak                                    36     1   2  2  
 2 Mikhail Sergachev        Taylor Fedun                                      31     1   2  2  
 3 Kevin Connauton          Josh Teves                                        23     1   2  2  
 4 Jamie Oleksiak           Mikhail Sergachev                                 10     1   2  2  

PowerPlay Forward 
   Center                   Left Wing                Right Wing               Time % Phy DF OF 
 1 Jack Eichel              Nikita Gusev             Kevin Labanc             55     1   1  3  
 2 Mikael Backlund          Roope Hintz              Alex Tuch                45     1   1  3  

PowerPlay Defense
   Defense                  Defense                                           Time % Phy DF OF 
 1 Miro Heiskanen           Mikhail Sergachev                                 65     1   2  2  
 2 Jamie Oleksiak           Taylor Fedun                                      35     1   2  2  

Penalty Kill 4 Players Forward 
   Center                   Wing                     Time % Phy DF OF 
 1 Jack Eichel              Mikael Backlund          55     1   2  2  
 2 Nikita Gusev             Kevin Labanc             45     1   2  2  

Penalty Kill 4 Players Defense
   Defense                  Defense                  Time % Phy DF OF 
 1 Miro Heiskanen           Mikhail Sergachev        55     1   2  2  
 2 Jamie Oleksiak           Taylor Fedun             45     1   2  2  

Penalty Kill - 3 Players Forward 
   Forward                                           Time % Phy DF OF 
 1 Jack Eichel                                       55     1   2  2  
 2 Mikael Backlund                                   45     1   2  2  

Penalty Kill - 3 Players Defense
   Defense                  Defense                  Time % Phy DF OF 
 1 Miro Heiskanen           Mikhail Sergachev        55     1   2  2  
 2 Jamie Oleksiak           Taylor Fedun             45     1   2  2  

4 vs 4 Forward 
   Center                   Wing                     Time % Phy DF OF 
 1 Jack Eichel              Mikael Backlund          55     1   2  2  
 2 Nikita Gusev             Kevin Labanc             45     1   2  2  

4 vs 4 Defense
   Defense                  Defense                  Time % Phy DF OF 
 1 Miro Heiskanen           Mikhail Sergachev        65     1   2  2  
 2 Jamie Oleksiak           Taylor Fedun             35     1   2  2  

Last Minutes Offensive
   Center                   Left Wing                Right Wing               Defense                  Defense                  
   Jack Eichel              Nikita Gusev             Kevin Labanc             Miro Heiskanen           Mikhail Sergachev        

Last Minutes Defensive
   Center                   Left Wing                Right Wing               Defense                  Defense                  
   Jack Eichel              Nikita Gusev             Kevin Labanc             Miro Heiskanen           Mikhail Sergachev        

Goaltenders
Starting : Ilya Samsonov            
Backup : Pavel Francouz           

Extra Forwards
Normal : Mark Jankowski, Jack Eichel, Antti Suomela - PP : Mark Jankowski, Jack Eichel - PK : Antti Suomela
Extra Defensemen
Normal : Kevin Connauton, Josh Teves, Jamie Oleksiak - PP : Kevin Connauton - PK : Josh Teves, Jamie Oleksiak
Penalty Shots
Jack Eichel, Jeff Carter, Nikita Gusev, Kevin Labanc, Roope Hintz
Custom OT Lines Forwards
Jack Eichel, Mikael Backlund, Nikita Gusev, Kevin Labanc, Roope Hintz, Alex Tuch, Jeff Carter, Mark Jankowski, Rocco Grimaldi, Antti Suomela
Custom OT Lines Defensemen
Miro Heiskanen, Mikhail Sergachev, Jamie Oleksiak, Taylor Fedun, Kevin Connauton

Scratches
None


% Time on Ice - SACRAMENTO BANDITS

Lines # - Real PCT - Wanted PCT - Time Play
Normal Forward
1 - 35% - 36% - 17:11
2 - 32% - 31% - 15:59
3 - 19% - 23% - 9:10
4 - 14% - 10% - 7:00
Normal Defense
1 - 34% - 36% - 16:55
2 - 34% - 31% - 16:45
3 - 25% - 23% - 12:30
4 - 6% - 10% - 3:10
PP Forward
1 - 62% - 55% - 2:55
2 - 38% - 45% - 1:47
PP Defense
1 - 62% - 55% - 2:55
2 - 38% - 45% - 1:47
PK Forward
1 - 48% - 55% - 2:53
2 - 52% - 45% - 3:05
PK Defense
1 - 46% - 55% - 2:44
2 - 54% - 45% - 3:14
PK3 Forward
1 - 0% - 55%
2 - 0% - 45%
PK3 Defense
1 - 0% - 55%
2 - 0% - 45%
44 Forward
1 - 0% - 55%
2 - 0% - 45%
44 Defense
1 - 0% - 55%
2 - 0% - 45%
Last Minute Offensive  - 0:00
Last Minute Defensive  - 0:00
Total
Forward - 60:00
Defense - 60:00

% Time on Ice - BANFF WOLVES

Lines # - Real PCT - Wanted PCT - Time Play
Normal Forward
1 - 33% - 36% - 16:09
2 - 30% - 31% - 14:55
3 - 22% - 23% - 10:40
4 - 15% - 10% - 7:36
Normal Defense
1 - 27% - 36% - 13:26
2 - 31% - 31% - 15:04
3 - 32% - 23% - 15:34
4 - 11% - 10% - 5:16
PP Forward
1 - 46% - 55% - 2:45
2 - 54% - 45% - 3:13
PP Defense
1 - 56% - 65% - 3:20
2 - 44% - 35% - 2:38
PK Forward
1 - 72% - 55% - 3:22
2 - 28% - 45% - 1:20
PK Defense
1 - 76% - 55% - 3:33
2 - 24% - 45% - 1:09
PK3 Forward
1 - 0% - 55%
2 - 0% - 45%
PK3 Defense
1 - 0% - 55%
2 - 0% - 45%
44 Forward
1 - 0% - 55%
2 - 0% - 45%
44 Defense
1 - 0% - 65%
2 - 0% - 35%
Last Minute Offensive  - 0:00
Last Minute Defensive  - 0:00
Total
Forward - 60:00
Defense - 60:00

Play-by-Play

1st period


0:01 of 1st period - Aleksander Barkov wins face-off versus Jack Eichel in neutral zone.
0:11 of 1st period - Shot by Jack Eichel.
0:11 of 1st period - Shot Misses the Net.
0:21 of 1st period - Shot by Jack Eichel.
0:21 of 1st period - Stopped by Andrei Vasilevskiy without a rebound.
0:22 of 1st period - Jamie Benn wins face-off versus James van Riemsdyk in SACRAMENTO BANDITS zone.
0:51 of 1st period - Shot by Mikael Backlund.
0:51 of 1st period - Shot Misses the Net.
1:01 of 1st period - Shot by Mattias Ekholm.
1:01 of 1st period - Stopped by Ilya Samsonov without a rebound.
1:02 of 1st period - Matt Duchene wins face-off versus Jeff Carter in BANFF WOLVES zone.
1:18 of 1st period - Minor Penalty to Kevin Connauton for Hooking.
1:19 of 1st period - Aleksander Barkov wins face-off versus Jack Eichel in BANFF WOLVES zone.
1:32 of 1st period - Shot by Aleksander Barkov.
1:32 of 1st period - Shot Misses the Net.
1:34 of 1st period - Shot by John Carlson.
1:34 of 1st period - Goal by John Carlson - SACRAMENTO BANDITS : 1 - BANFF WOLVES : 0.
1:35 of 1st period - Antti Suomela wins face-off versus Jay Beagle in neutral zone.
1:35 of 1st period - Mark Jankowski is hit by Colton Sissons and loses puck.
1:58 of 1st period - Mark Jankowski is hit by Jay Beagle and loses puck.
2:22 of 1st period - Icing by Mark Jankowski.
2:23 of 1st period - Antti Suomela wins face-off versus Brock Boeser in BANFF WOLVES zone.
2:52 of 1st period - Shot by Jonathan Huberdeau.
2:52 of 1st period - Deflect By Brock Boeser.
2:52 of 1st period - Stopped by Ilya Samsonov without a rebound.
2:53 of 1st period - Matt Duchene wins face-off versus Jeff Carter in BANFF WOLVES zone.
3:08 of 1st period - Shot by Alexander DeBrincat.
3:08 of 1st period - Goal by Alexander DeBrincat - SACRAMENTO BANDITS : 2 - BANFF WOLVES : 0.
3:09 of 1st period - Jack Eichel wins face-off versus Jake DeBrusk in neutral zone.
3:24 of 1st period - Shot by Alex Tuch.
3:24 of 1st period - Stopped by Andrei Vasilevskiy without a rebound.
3:25 of 1st period - Aleksander Barkov wins face-off versus Mikael Backlund in SACRAMENTO BANDITS zone.
3:32 of 1st period - Shot by Jonathan Huberdeau.
3:32 of 1st period - Shot Blocked by Mikhail Sergachev.
3:38 of 1st period - Shot by Brock Boeser.
3:38 of 1st period - Shot Misses the Net.
3:40 of 1st period - Shot by Jonathan Huberdeau.
3:40 of 1st period - Stopped by Ilya Samsonov without a rebound.
3:41 of 1st period - Jack Eichel wins face-off versus Matt Duchene in BANFF WOLVES zone.
3:52 of 1st period - Shot by Matt Duchene.
3:52 of 1st period - Shot Misses the Net.
4:41 of 1st period - Off-side.
4:42 of 1st period - Aleksander Barkov wins face-off versus Jeff Carter in neutral zone.
5:09 of 1st period - Shot by Jonathan Huberdeau.
5:09 of 1st period - Goal by Jonathan Huberdeau - SACRAMENTO BANDITS : 3 - BANFF WOLVES : 0.
5:10 of 1st period - Mikael Backlund wins face-off versus Jamie Benn in neutral zone.
5:13 of 1st period - Shot by Kevin Labanc.
5:13 of 1st period - Stopped by Andrei Vasilevskiy without a rebound.
5:14 of 1st period - Mikael Backlund wins face-off versus Jamie Benn in SACRAMENTO BANDITS zone.
5:33 of 1st period - John Carlson is hit by Kevin Labanc and loses puck.
5:59 of 1st period - Icing by Mikael Backlund.
6:00 of 1st period - Aleksander Barkov wins face-off versus Mikael Backlund in BANFF WOLVES zone.
6:04 of 1st period - Jonathan Huberdeau is hit by Josh Teves and loses puck.
6:27 of 1st period - Jonathan Huberdeau is hit by Jamie Oleksiak and loses puck.
6:40 of 1st period - Shot by Jonathan Huberdeau.
6:40 of 1st period - Goal by Jonathan Huberdeau - SACRAMENTO BANDITS : 4 - BANFF WOLVES : 0.
6:40 of 1st period - Pavel Francouz enters game.
6:41 of 1st period - Joel Farabee wins face-off versus Jack Eichel in neutral zone.
7:10 of 1st period - Shot by Matt Duchene.
7:10 of 1st period - Shot Misses the Net.
7:28 of 1st period - Shot by Alexander DeBrincat.
7:28 of 1st period - Stopped by Pavel Francouz without a rebound.
7:29 of 1st period - Jamie Benn wins face-off versus Mikael Backlund in BANFF WOLVES zone.
7:39 of 1st period - Jamie Benn is hit by Jamie Oleksiak and loses puck.
8:13 of 1st period - Shot by Jamie Benn.
8:13 of 1st period - Stopped by Pavel Francouz without a rebound.
8:14 of 1st period - Jeff Carter wins face-off versus Aleksander Barkov in BANFF WOLVES zone.
8:14 of 1st period - Jeff Carter is hit by Aleksander Barkov.
8:32 of 1st period - Shot by Brock Boeser.
8:32 of 1st period - Stopped by Pavel Francouz without a rebound.
8:33 of 1st period - Jack Eichel wins face-off versus Jay Beagle in BANFF WOLVES zone.
8:53 of 1st period - Shot by Nikita Gusev.
8:53 of 1st period - Stopped by Andrei Vasilevskiy without a rebound.
8:54 of 1st period - Aleksander Barkov wins face-off versus Jeff Carter in SACRAMENTO BANDITS zone.
9:08 of 1st period - Shot by Aleksander Barkov.
9:08 of 1st period - Stopped by Pavel Francouz without a rebound.
9:09 of 1st period - Jack Eichel wins face-off versus Jamie Benn in BANFF WOLVES zone.
9:19 of 1st period - Jake DeBrusk is hit by Miro Heiskanen and loses puck.
9:51 of 1st period - Scott Laughton is hit by Jamie Oleksiak and loses puck.
11:45 of 1st period - Alexander DeBrincat is hit by Jeff Carter and loses puck.
12:22 of 1st period - Shot by Scott Laughton.
12:22 of 1st period - Stopped by Pavel Francouz without a rebound.
12:23 of 1st period - Aleksander Barkov wins face-off versus Jack Eichel in BANFF WOLVES zone.
12:23 of 1st period - Minor Penalty to Jamie Oleksiak for Hooking.
12:24 of 1st period - Jack Eichel wins face-off versus Aleksander Barkov in BANFF WOLVES zone.
12:51 of 1st period - Shot by Jonathan Huberdeau.
12:51 of 1st period - Goal by Jonathan Huberdeau - SACRAMENTO BANDITS : 5 - BANFF WOLVES : 0.
12:52 of 1st period - Jamie Benn wins face-off versus Antti Suomela in neutral zone.
12:54 of 1st period - Scott Laughton is hit by Jamie Oleksiak and loses puck.
13:12 of 1st period - Shot by Jamie Benn.
13:12 of 1st period - Stopped by Pavel Francouz with a rebound.
13:14 of 1st period - Shot by P.K. Subban.
13:14 of 1st period - Stopped by Pavel Francouz without a rebound.
13:15 of 1st period - Jack Eichel wins face-off versus Aleksander Barkov in BANFF WOLVES zone.
13:32 of 1st period - Shot by Jack Eichel.
13:32 of 1st period - Stopped by Andrei Vasilevskiy without a rebound.
13:33 of 1st period - Roope Hintz wins face-off versus Jay Beagle in SACRAMENTO BANDITS zone.
14:18 of 1st period - Icing by Ivan Provorov.
14:19 of 1st period - Jack Eichel wins face-off versus Jay Beagle in SACRAMENTO BANDITS zone.
15:04 of 1st period - Shot by Jonathan Huberdeau.
15:04 of 1st period - Shot Misses the Net.
15:22 of 1st period - Shot by Brock Boeser.
15:22 of 1st period - Stopped by Pavel Francouz with a rebound.
16:15 of 1st period - Icing by Scott Laughton.
16:16 of 1st period - Mike Ferland wins face-off versus Jamie Benn in SACRAMENTO BANDITS zone.
17:08 of 1st period - Shot by Alexander DeBrincat.
17:08 of 1st period - Shot Blocked by Mark Jankowski.
17:10 of 1st period - Shot by Mattias Ekholm.
17:10 of 1st period - Goal by Mattias Ekholm - SACRAMENTO BANDITS : 6 - BANFF WOLVES : 0.
17:11 of 1st period - Jeff Carter wins face-off versus Brock Boeser in neutral zone.
17:28 of 1st period - Jeff Carter is hit by Jonathan Huberdeau and loses puck.
17:45 of 1st period - Shot by Ryan Suter.
17:45 of 1st period - Shot Misses the Net.
17:47 of 1st period - Shot by Jonathan Huberdeau.
17:47 of 1st period - Stopped by Pavel Francouz without a rebound.
17:48 of 1st period - Jamie Benn wins face-off versus Jack Eichel in BANFF WOLVES zone.
18:22 of 1st period - Shot by Jack Eichel.
18:22 of 1st period - Goal by Jack Eichel - SACRAMENTO BANDITS : 6 - BANFF WOLVES : 1.
18:23 of 1st period - Mikael Backlund wins face-off versus Aleksander Barkov in neutral zone.
18:36 of 1st period - Shot by James van Riemsdyk.
18:36 of 1st period - Shot Blocked by Jonathan Huberdeau.
18:44 of 1st period - Shot by Mikael Backlund.
18:44 of 1st period - Stopped by Andrei Vasilevskiy without a rebound.
18:45 of 1st period - Jeff Carter wins face-off versus Matt Duchene in SACRAMENTO BANDITS zone.
18:50 of 1st period - Shot by Roope Hintz.
18:50 of 1st period - Shot Misses the Net.
18:53 of 1st period - Icing by Mattias Ekholm.
18:54 of 1st period - Mikael Backlund wins face-off versus Matt Duchene in SACRAMENTO BANDITS zone.
19:41 of 1st period - Shot by Alexander DeBrincat.
19:41 of 1st period - Shot Misses the Net.
Goals for this period are 6 for SACRAMENTO BANDITS vs 1 for BANFF WOLVES.
Shots for this period are 18 for SACRAMENTO BANDITS vs 7 for BANFF WOLVES.

2nd period


0:01 of 2nd period - Aleksander Barkov wins face-off versus Jack Eichel in neutral zone.
0:18 of 2nd period - Shot by Aleksander Barkov.
0:18 of 2nd period - Shot Misses the Net.
0:21 of 2nd period - Icing by Miro Heiskanen.
0:22 of 2nd period - Jack Eichel wins face-off versus Jamie Benn in BANFF WOLVES zone.
0:43 of 2nd period - Shot by Jack Eichel.
0:43 of 2nd period - Deflect By Alex Tuch.
0:43 of 2nd period - Stopped by Andrei Vasilevskiy with a rebound.
1:09 of 2nd period - Shot by Jeff Carter.
1:09 of 2nd period - Shot Misses the Net.
1:28 of 2nd period - Shot by Roope Hintz.
1:28 of 2nd period - Stopped by Andrei Vasilevskiy without a rebound.
1:29 of 2nd period - Aleksander Barkov wins face-off versus Mikael Backlund in SACRAMENTO BANDITS zone.
1:29 of 2nd period - Aleksander Barkov is hit by Kevin Labanc.
1:51 of 2nd period - James van Riemsdyk is hit by John Carlson and loses puck.
2:19 of 2nd period - Icing by John Carlson.
2:20 of 2nd period - Jack Eichel wins face-off versus Aleksander Barkov in SACRAMENTO BANDITS zone.
2:21 of 2nd period - Shot by Nikita Gusev.
2:21 of 2nd period - Shot Misses the Net.
2:58 of 2nd period - Icing by Ivan Provorov.
2:59 of 2nd period - Jay Beagle wins face-off versus Jeff Carter in SACRAMENTO BANDITS zone.
3:11 of 2nd period - Jay Beagle is hit by Taylor Fedun and loses puck.
3:20 of 2nd period - Shot by Colton Sissons.
3:20 of 2nd period - Stopped by Pavel Francouz without a rebound.
3:21 of 2nd period - Jamie Benn wins face-off versus Antti Suomela in BANFF WOLVES zone.
3:24 of 2nd period - Shot by Scott Laughton.
3:24 of 2nd period - Deflect By Jamie Benn.
3:24 of 2nd period - Stopped by Pavel Francouz with a rebound.
3:36 of 2nd period - Shot by Jamie Benn.
3:36 of 2nd period - Shot Misses the Net.
3:38 of 2nd period - Shot by P.K. Subban.
3:38 of 2nd period - Stopped by Pavel Francouz without a rebound.
3:39 of 2nd period - Jack Eichel wins face-off versus Aleksander Barkov in BANFF WOLVES zone.
4:03 of 2nd period - Shot by Brock Boeser.
4:03 of 2nd period - Stopped by Pavel Francouz without a rebound.
4:04 of 2nd period - Jamie Benn wins face-off versus Jeff Carter in BANFF WOLVES zone.
4:04 of 2nd period - Ivan Provorov is hit by Mikhail Sergachev and loses puck.
4:08 of 2nd period - Icing by Jeff Carter.
4:09 of 2nd period - Jeff Carter wins face-off versus Jamie Benn in BANFF WOLVES zone.
4:34 of 2nd period - Shot by Rocco Grimaldi.
4:34 of 2nd period - Stopped by Andrei Vasilevskiy without a rebound.
4:35 of 2nd period - Jack Eichel wins face-off versus Aleksander Barkov in SACRAMENTO BANDITS zone.
4:49 of 2nd period - Brock Boeser is hit by Jamie Oleksiak and loses puck.
4:50 of 2nd period - Brock Boeser from SACRAMENTO BANDITS is injured at 4:50 of 2nd period (Left Foot).
4:51 of 2nd period - Matt Duchene wins face-off versus Mikael Backlund in BANFF WOLVES zone.
4:55 of 2nd period - Minor Penalty to Kevin Connauton for Holding.
4:56 of 2nd period - Aleksander Barkov wins face-off versus Jack Eichel in BANFF WOLVES zone.
5:01 of 2nd period - Shot by Jonathan Huberdeau.
5:01 of 2nd period - Stopped by Pavel Francouz without a rebound.
5:02 of 2nd period - Jack Eichel wins face-off versus Aleksander Barkov in BANFF WOLVES zone.
5:26 of 2nd period - Matt Duchene is hit by Jamie Oleksiak and loses puck.
7:02 of 2nd period - Shot by Jake DeBrusk.
7:02 of 2nd period - Shot Misses the Net.
7:04 of 2nd period - Shot by Jonathan Huberdeau.
7:04 of 2nd period - Stopped by Pavel Francouz without a rebound.
7:05 of 2nd period - Antti Suomela wins face-off versus Matt Duchene in BANFF WOLVES zone.
7:09 of 2nd period - Off-side.
7:10 of 2nd period - Roope Hintz wins face-off versus Matt Duchene in neutral zone.
7:32 of 2nd period - Icing by Roope Hintz.
7:33 of 2nd period - Jamie Benn wins face-off versus Jeff Carter in BANFF WOLVES zone.
7:39 of 2nd period - Shot by Jamie Benn.
7:39 of 2nd period - Shot Blocked by Roope Hintz.
8:50 of 2nd period - Icing by Luca Sbisa.
8:51 of 2nd period - Mikael Backlund wins face-off versus Jamie Benn in SACRAMENTO BANDITS zone.
9:08 of 2nd period - Shot by Kevin Labanc.
9:08 of 2nd period - Shot Misses the Net.
9:19 of 2nd period - Icing by Mikhail Sergachev.
9:20 of 2nd period - Mikael Backlund wins face-off versus Aleksander Barkov in BANFF WOLVES zone.
9:32 of 2nd period - Shot by Aleksander Barkov.
9:32 of 2nd period - Goal by Aleksander Barkov - SACRAMENTO BANDITS : 7 - BANFF WOLVES : 1.
9:33 of 2nd period - Jack Eichel wins face-off versus Jay Beagle in neutral zone.
9:36 of 2nd period - Shot by Nikita Gusev.
9:36 of 2nd period - Stopped by Andrei Vasilevskiy without a rebound.
9:37 of 2nd period - Matt Duchene wins face-off versus Jack Eichel in SACRAMENTO BANDITS zone.
9:41 of 2nd period - John Carlson is hit by Jack Eichel and loses puck.
9:52 of 2nd period - Shot by Alexander DeBrincat.
9:52 of 2nd period - Shot Misses the Net.
9:54 of 2nd period - Shot by Matt Duchene.
9:54 of 2nd period - Shot Misses the Net.
9:56 of 2nd period - Shot by John Carlson.
9:56 of 2nd period - Shot Misses the Net.
10:09 of 2nd period - Matt Duchene is hit by Jamie Oleksiak and loses puck.
10:15 of 2nd period - Icing by Jamie Oleksiak.
10:16 of 2nd period - Aleksander Barkov wins face-off versus Jack Eichel in BANFF WOLVES zone.
10:16 of 2nd period - Aleksander Barkov is hit by Jamie Oleksiak.
10:20 of 2nd period - Shot by Jonathan Huberdeau.
10:20 of 2nd period - Shot Misses the Net.
10:22 of 2nd period - Shot by Mattias Ekholm.
10:22 of 2nd period - Stopped by Pavel Francouz with a rebound.
10:32 of 2nd period - Shot by Aleksander Barkov.
10:32 of 2nd period - Shot Blocked by Miro Heiskanen.
10:34 of 2nd period - Shot by Ivan Provorov.
10:34 of 2nd period - Stopped by Pavel Francouz without a rebound.
10:35 of 2nd period - Mikael Backlund wins face-off versus Jay Beagle in BANFF WOLVES zone.
10:42 of 2nd period - Shot by Kevin Labanc.
10:42 of 2nd period - Shot Misses the Net.
10:44 of 2nd period - Shot by Mikael Backlund.
10:44 of 2nd period - Shot Blocked by Ryan Suter.
10:46 of 2nd period - Shot by James van Riemsdyk.
10:46 of 2nd period - Stopped by Andrei Vasilevskiy without a rebound.
10:47 of 2nd period - Antti Suomela wins face-off versus Aleksander Barkov in SACRAMENTO BANDITS zone.
11:02 of 2nd period - Shot by Jonathan Huberdeau.
11:02 of 2nd period - Stopped by Pavel Francouz without a rebound.
11:03 of 2nd period - Mikael Backlund wins face-off versus Jamie Benn in BANFF WOLVES zone.
11:14 of 2nd period - Shot by James van Riemsdyk.
11:14 of 2nd period - Shot Misses the Net.
11:17 of 2nd period - Icing by John Carlson.
11:18 of 2nd period - Jamie Benn wins face-off versus Jack Eichel in SACRAMENTO BANDITS zone.
11:20 of 2nd period - Icing by John Carlson.
11:21 of 2nd period - Jamie Benn wins face-off versus Mikael Backlund in SACRAMENTO BANDITS zone.
11:31 of 2nd period - Jamie Benn is hit by Kevin Labanc and loses puck.
12:02 of 2nd period - Shot by Jamie Benn.
12:02 of 2nd period - Stopped by Pavel Francouz with a rebound.
12:13 of 2nd period - Icing by Mikhail Sergachev.
12:14 of 2nd period - Aleksander Barkov wins face-off versus Mikael Backlund in BANFF WOLVES zone.
13:11 of 2nd period - Mikael Backlund is hit by Jay Beagle.
13:26 of 2nd period - Off-side.
13:27 of 2nd period - Jack Eichel wins face-off versus Jamie Benn in neutral zone.
13:30 of 2nd period - Shot by Jack Eichel.
13:30 of 2nd period - Shot Misses the Net.
13:32 of 2nd period - Shot by Nikita Gusev.
13:32 of 2nd period - Stopped by Andrei Vasilevskiy without a rebound.
13:33 of 2nd period - Jamie Benn wins face-off versus Nikita Gusev in SACRAMENTO BANDITS zone.
14:22 of 2nd period - Off-side.
14:23 of 2nd period - Roope Hintz wins face-off versus Matt Duchene in neutral zone.
14:40 of 2nd period - Shot by Alexander DeBrincat.
14:40 of 2nd period - Stopped by Pavel Francouz without a rebound.
14:41 of 2nd period - Aleksander Barkov wins face-off versus Antti Suomela in BANFF WOLVES zone.
14:42 of 2nd period - Shot by Jonathan Huberdeau.
14:42 of 2nd period - Stopped by Pavel Francouz without a rebound.
14:43 of 2nd period - Jonathan Huberdeau wins face-off versus Antti Suomela in BANFF WOLVES zone.
15:29 of 2nd period - Shot by Matt Duchene.
15:29 of 2nd period - Stopped by Pavel Francouz without a rebound.
15:30 of 2nd period - Jeff Carter wins face-off versus Jay Beagle in BANFF WOLVES zone.
15:43 of 2nd period - Shot by Jeff Carter.
15:43 of 2nd period - Stopped by Andrei Vasilevskiy with a rebound.
16:51 of 2nd period - Shot by Jamie Benn.
16:51 of 2nd period - Deflect By Scott Laughton.
16:51 of 2nd period - Stopped by Pavel Francouz without a rebound.
16:52 of 2nd period - Mikael Backlund wins face-off versus Joel Farabee in BANFF WOLVES zone.
17:17 of 2nd period - Shot by Mattias Ekholm.
17:17 of 2nd period - Shot Misses the Net.
17:19 of 2nd period - Shot by Joel Farabee.
17:19 of 2nd period - Shot Misses the Net.
17:21 of 2nd period - Shot by Mattias Ekholm.
17:21 of 2nd period - Shot Misses the Net.
17:23 of 2nd period - Shot by Matt Duchene.
17:23 of 2nd period - Shot Misses the Net.
17:25 of 2nd period - Shot by Ivan Provorov.
17:25 of 2nd period - Stopped by Pavel Francouz with a rebound.
17:27 of 2nd period - Shot by Mattias Ekholm.
17:27 of 2nd period - Stopped by Pavel Francouz without a rebound.
17:28 of 2nd period - Jack Eichel wins face-off versus Aleksander Barkov in BANFF WOLVES zone.
18:10 of 2nd period - Shot by Nikita Gusev.
18:10 of 2nd period - Shot Misses the Net.
18:24 of 2nd period - Shot by Roope Hintz.
18:24 of 2nd period - Shot Blocked by John Carlson.
18:58 of 2nd period - Off-side.
18:59 of 2nd period - Matt Duchene wins face-off versus Kevin Labanc in neutral zone.
Goals for this period are 1 for SACRAMENTO BANDITS vs 0 for BANFF WOLVES.
Shots for this period are 17 for SACRAMENTO BANDITS vs 7 for BANFF WOLVES.

3rd period


0:01 of 3rd period - Aleksander Barkov wins face-off versus Jack Eichel in neutral zone.
0:26 of 3rd period - Shot by Nikita Gusev.
0:26 of 3rd period - Deflect By Jack Eichel.
0:26 of 3rd period - Shot Misses the Net.
0:29 of 3rd period - Icing by Ryan Suter.
0:30 of 3rd period - Aleksander Barkov wins face-off versus Mikael Backlund in SACRAMENTO BANDITS zone.
0:41 of 3rd period - Shot by Aleksander Barkov.
0:41 of 3rd period - Stopped by Pavel Francouz without a rebound.
0:42 of 3rd period - Jeff Carter wins face-off versus Jamie Benn in BANFF WOLVES zone.
0:42 of 3rd period - Jeff Carter is hit by Scott Laughton.
1:03 of 3rd period - Jamie Benn is hit by Kevin Connauton and loses puck.
1:06 of 3rd period - Shot by Jamie Benn.
1:06 of 3rd period - Stopped by Pavel Francouz without a rebound.
1:07 of 3rd period - Matt Duchene wins face-off versus Alex Tuch in BANFF WOLVES zone.
1:30 of 3rd period - Off-side.
1:31 of 3rd period - Aleksander Barkov wins face-off versus Mikael Backlund in neutral zone.
1:36 of 3rd period - Shot by Matt Duchene.
1:36 of 3rd period - Shot Misses the Net.
2:46 of 3rd period - Miro Heiskanen is hit by Jamie Benn and loses puck.
4:01 of 3rd period - Minor Penalty to Jay Beagle for Holding.
4:02 of 3rd period - Mikael Backlund wins face-off versus Aleksander Barkov in SACRAMENTO BANDITS zone.
5:15 of 3rd period - Shot by Kevin Labanc.
5:15 of 3rd period - Shot Misses the Net.
6:03 of 3rd period - Shot by Mikael Backlund.
6:03 of 3rd period - Stopped by Andrei Vasilevskiy with a rebound.
6:27 of 3rd period - Shot by Justin Williams.
6:27 of 3rd period - Shot Misses the Net.
6:29 of 3rd period - Shot by P.K. Subban.
6:29 of 3rd period - Shot Misses the Net.
6:31 of 3rd period - Shot by Luca Sbisa.
6:31 of 3rd period - Shot Misses the Net.
6:52 of 3rd period - Icing by Mattias Ekholm.
6:53 of 3rd period - Matt Duchene wins face-off versus Mikael Backlund in SACRAMENTO BANDITS zone.
7:42 of 3rd period - Shot by Jonathan Huberdeau.
7:42 of 3rd period - Shot Misses the Net.
7:58 of 3rd period - Shot by John Carlson.
7:58 of 3rd period - Stopped by Pavel Francouz with a rebound.
8:09 of 3rd period - Double Minor Penalty to Scott Laughton for Roughing.
8:10 of 3rd period - Jamie Benn wins face-off versus Jack Eichel in SACRAMENTO BANDITS zone.
8:10 of 3rd period - Jake DeBrusk is hit by Nikita Gusev and loses puck.
8:39 of 3rd period - Shot by Nikita Gusev.
8:39 of 3rd period - Shot Misses the Net.
9:15 of 3rd period - Shot by Miro Heiskanen.
9:15 of 3rd period - Stopped by Andrei Vasilevskiy with a rebound.
9:17 of 3rd period - Shot by Miro Heiskanen.
9:17 of 3rd period - Shot Misses the Net.
9:19 of 3rd period - Shot by Roope Hintz.
9:19 of 3rd period - Shot Misses the Net.
9:21 of 3rd period - Shot by Miro Heiskanen.
9:21 of 3rd period - Stopped by Andrei Vasilevskiy without a rebound.
9:22 of 3rd period - Mikael Backlund wins face-off versus Aleksander Barkov in SACRAMENTO BANDITS zone.
10:24 of 3rd period - Shot by Nikita Gusev.
10:24 of 3rd period - Stopped by Andrei Vasilevskiy without a rebound.
10:25 of 3rd period - Jack Eichel wins face-off versus Jamie Benn in SACRAMENTO BANDITS zone.
10:38 of 3rd period - Shot by Ivan Provorov.
10:38 of 3rd period - Stopped by Pavel Francouz without a rebound.
10:39 of 3rd period - Aleksander Barkov wins face-off versus Mikael Backlund in BANFF WOLVES zone.
11:04 of 3rd period - Shot by Jonathan Huberdeau.
11:04 of 3rd period - Shot Blocked by Alex Tuch.
11:06 of 3rd period - Shot by Mattias Ekholm.
11:06 of 3rd period - Shot Blocked by Jamie Oleksiak.
12:04 of 3rd period - Shot by Jack Eichel.
12:04 of 3rd period - Shot Misses the Net.
12:18 of 3rd period - Shot by Colton Sissons.
12:18 of 3rd period - Stopped by Pavel Francouz without a rebound.
12:19 of 3rd period - Antti Suomela wins face-off versus Jay Beagle in BANFF WOLVES zone.
12:19 of 3rd period - Antti Suomela is hit by Jay Beagle.
12:53 of 3rd period - Shot by Justin Williams.
12:53 of 3rd period - Shot Misses the Net.
12:55 of 3rd period - Shot by Luca Sbisa.
12:55 of 3rd period - Shot Blocked by Josh Teves.
12:55 of 3rd period - Josh Teves from BANFF WOLVES is injured at 12:55 of 3rd period (Sprained Right Finger).
12:56 of 3rd period - Aleksander Barkov wins face-off versus Jeff Carter in BANFF WOLVES zone.
12:59 of 3rd period - Shot by Jonathan Huberdeau.
12:59 of 3rd period - Deflect By Aleksander Barkov.
12:59 of 3rd period - Stopped by Pavel Francouz with a rebound.
13:12 of 3rd period - Shot by Matt Duchene.
13:12 of 3rd period - Shot Blocked by Mikhail Sergachev.
14:19 of 3rd period - Minor Penalty to Alex Tuch for Diving.
14:20 of 3rd period - Aleksander Barkov wins face-off versus Jack Eichel in BANFF WOLVES zone.
14:32 of 3rd period - Aleksander Barkov is hit by Jamie Oleksiak.
14:42 of 3rd period - Shot by John Carlson.
14:42 of 3rd period - Shot Misses the Net.
15:08 of 3rd period - Alexander DeBrincat is hit by Jack Eichel and loses puck.
15:17 of 3rd period - Jack Eichel is hit by Jamie Benn and loses puck.
15:26 of 3rd period - Shot by Alexander DeBrincat.
15:26 of 3rd period - Shot Misses the Net.
16:45 of 3rd period - Icing by Mike Ferland.
16:46 of 3rd period - Antti Suomela wins face-off versus Jamie Benn in BANFF WOLVES zone.
18:52 of 3rd period - Shot by Jonathan Huberdeau.
18:52 of 3rd period - Shot Misses the Net.
Goals for this period are 0 for SACRAMENTO BANDITS vs 0 for BANFF WOLVES.
Shots for this period are 6 for SACRAMENTO BANDITS vs 4 for BANFF WOLVES.


RYAN
NUGENT-HOPKINS
THATCHER
DEMKO
MITCHELL
MARNER

EAST COAST

HOCKEY LEAGUE

  • 13.MAN3PIT5
  • 14.NHW2ATL3
  • 15.PET5WOR4
  • 16.RHI30
  • 17.QUECHI
  • 18.CHALIM
  • 19.TRVLON
  • 20.CHWBAL